 Dungeon Crawl Stone Soup version 0.31-a0-702-gf82c85558f (webtiles) character file.

Game seed: 1022261661330282873

452 qw the Shooter (level 7, -4/44 HPs)
             Began as a Gargoyle Hunter on Sept 8, 2023.
             Slain by a yak (10 damage)
             ... on level 4 of the Dungeon.
             The game lasted 00:00:59 (2336 turns).

qw the Shooter (Gargoyle Hunter)                    Turns: 2336, Time: 00:00:59

Health: -4/44      AC: 13    Str: 14    XL:     7   Next: 5%
Magic:  7/7        EV: 10    Int: 10    God:
Gold:   196        SH:  0    Dex: 15    Spells: 6/6 levels left

rFire   . . .        c - +0 shortbow (heavy)
rCold   . . .        (shield currently unavailable)
rNeg    + . .        g - +1 ring mail {Will+}
rPois   inf          (no helmet)
rElec   +            (no cloak)
rCorr   .            (no gloves)
SInv    .            i - +1 pair of boots
Will    ++...        (no amulet)
Stlth   +            d - ring of willpower
HPRegen 0.27/turn    (no ring)
MPRegen 0.10/turn

%: no passive effects
@: no status effects
A: sickness immunity, AC +4, negative energy resistance 1, electricity
resistance, torment resistance 1, petrification resistance
a: no special abilities


You were on level 4 of the Dungeon.
You visited 1 branch of the dungeon, and saw 4 of its levels.

You collected 196 gold pieces.


Innate Abilities, Weirdness & Mutations

You are immune to sickness and miasma.
Your stone body is resilient. (AC +4)
You are immune to poison.
You resist negative energy. (rN+)
You are resistant to electric shocks. (rElec)
You are resistant to unholy torment.
You are immune to petrification.


   Skills:
 - Level 4.3 Fighting
 + Level 7.2 Ranged Weapons
 - Level 1.0 Armour
 - Level 1.5 Dodging
 - Level 1.1 Stealth


You had 6 spell levels left.
You didn't know any spells.
Your spell library was empty.

Inventory:

Hand Weapons
 c - a +0 heavy shortbow (weapon)
Armour
 e - the +3 leather armour of the Shining One's Envy {Rampage}
   (You found it on level 2 of the Dungeon)

   Rampage:   It bestows one free step when moving towards enemies.
 g - a +1 ring mail of willpower (worn)
 i - a +1 pair of boots (worn)
Jewellery
 d - a ring of willpower (left hand)
Scrolls
 Y - a scroll of identify
Potions
 a - a potion of might {unknown}
 b - 2 potions of curing
 f - a potion of heal wounds {unknown}
 h - a potion of haste {unknown}

Dungeon Overview and Level Annotations

Branches:
Dungeon (4/15)
 Temple: D:4-7

Altars:


Message History

You shoot an arrow.
The arrow closely misses the howler monkey.
The howler monkey hits you. The howler monkey barely misses you.
You shoot an arrow. The arrow hits the howler monkey!!
You kill the howler monkey!
A hound comes into view.
You have reached level 7!
You shoot an arrow. The arrow closely misses the hound.
A yak comes into view.
You shoot an arrow. The arrow hits the yak.
The yak is lightly wounded.
You shoot an arrow. The arrow hits the yak!
The yak is moderately wounded.
You shoot an arrow. The arrow hits the yak.
The yak is heavily wounded.
The hound pauses to sniff the ground.
A yak comes into view.
The yak gores you!
A yak comes into view.
You shoot an arrow. The arrow barely misses the yak.
The yak bellows!
The arrow hits the yak.
The yak is lightly wounded.
You hear a bellow!
The yak gores you! The yak gores you.
You shoot an arrow. The arrow barely misses the yak.
The arrow hits the yak!
The yak is moderately wounded.
The yak gores you.
You shoot an arrow. The arrow hits the yak.
The yak is heavily wounded.
The yak completely misses you. The yak barely misses you.
You shoot an arrow. The arrow hits the yak!
The yak is almost dead.
The yak gores you but does no damage.
You shoot an arrow. The arrow hits the yak.
The yak is almost dead.
The yak misses you.
A phantom comes into view.
The yak gores you!
You die...

... #.<)[)...
#...#### #.#.##...
.......# #.#.##.#.
W.#...## #.#......
.'.... #.####.#.
#...# #. #.#. #.YY#
...# #.#>
#YhY########..# #.#.
####@......#..# #.#.
#.#####.#).# #.#.
#.# #.#..# #.#. #.#
#.#..# #.#. #.#
#.#..# #.##
###.#####.#..# #..
#.......)....#######
#.#.#####.##........
# #.# #.##.####..#


You could see 4 yaks, a phantom and a hound.

Vanquished Creatures
  An orc warrior (D:4)
  An ogre (D:4)
  A howler monkey (D:4)
  A jelly (D:4)
  An iguana (D:4)
  An orc wizard (D:4)
  3 gnolls (D:2)
  4 adders
  4 worms
  2 dart slugs
  9 orcs
  7 ball pythons
  5 endoplasms
  4 giant cockroaches
  9 goblins
  8 hobgoblins
  2 jackals (D:1)
  4 kobolds
  2 quokkas
  2 bats
  3 frilled lizards
  4 rats
78 creatures vanquished.

Notes
Turn   | Place    | Note
-------+----------+-------------------------------------------
     0 | D:1      | qw the Gargoyle Hunter began the quest for the Orb.
     0 | D:1      | Reached XP level 1. HP: 12/12 MP: 1/1
     0 | D:1      | 0 ||| qw: Version: 0.3-a-76-g4403597
     0 | D:1      | 0 ||| qw: Game counter: 1087
     0 | D:1      | 0 ||| qw: Melee chars always use a shield: true
     0 | D:1      | 0 ||| qw: God list: Okawaru
     0 | D:1      | 0 ||| qw: Allow faded altars: false
     0 | D:1      | 0 ||| qw: Do Orc after clearing Dungeon:15 true
     0 | D:1      | 0 ||| qw: Do second Lair branch before Depths: true
     0 | D:1      | 0 ||| qw: Lair rune preference: random
     0 | D:1      | 0 ||| qw: Goals: Normal
     0 | D:1      | 0 ||| PLANNING D:1-11
    47 | D:1      | Reached XP level 2. HP: 14/17 MP: 2/2
   402 | D:1      | Reached XP level 3. HP: 21/21 MP: 3/3
   452 | D:1      | Reached skill level 5 in Ranged Weapons
   678 | D:1      | 678 ||| UPGRADING to +1 ring mail of willpower.
   688 | D:1      | 688 ||| DROPPING +0 leather armour.
   689 | D:1      | 689 ||| READING scroll labelled EPSENIANU.
   690 | D:1      | 690 ||| READING scroll labelled PUCAVI YRCHON.
   691 | D:1      | 691 ||| DROPPING scroll of butterflies.
   726 | D:2      | Reached skill level 1 in Armour
   837 | D:2      | Reached skill level 3 in Fighting
   837 | D:2      | Reached XP level 4. HP: 27/28 MP: 4/4
  1008 | D:2      | Found a faded altar of an unknown god.
  1031 | D:2      | 1031 ||| FLEEEEING.
  1034 | D:2      | 1034 ||| FLEEEEING.
  1111 | D:2      | Identified the +3 leather armour of the Shining One's Envy
                  | {Rampage}
  1184 | D:2      | Reached XP level 5. HP: 32/32 MP: 5/5
  1290 | D:2      | 1290 ||| UPGRADING to ring of willpower.
  1291 | D:2      | 1291 ||| READING scroll labelled YHOV JEW GET.
  1292 | D:2      | 1292 ||| DRINKING 2 yellow potions.
  1344 | D:2      | 1344 ||| DRINKING 2 murky cyan potions.
  1345 | D:2      | 1345 ||| DRINKING 2 fizzy inky potions.
  1346 | D:2      | 1346 ||| DROPPING potion of lignification.
  1347 | D:2      | 1347 ||| DROPPING potion of attraction.
  1436 | D:3      | 1436 ||| STAIRDANCE
  1971 | D:3      | 1971 ||| UPGRADING to +1 pair of boots.
  1976 | D:3      | 1976 ||| READING 2 scrolls labelled NUNAEZ BOROMP.
  2022 | D:4      | Reached skill level 6 in Ranged Weapons
  2039 | D:4      | Noticed an ogre
  2040 | D:4      | 2040 ||| FLEEEEING.
  2041 | D:4      | 2041 ||| STAIRDANCE
  2079 | D:4      | Killed an ogre
  2080 | D:4      | Reached XP level 6. HP: 39/39 MP: 6/6
  2307 | D:4      | Noticed an orc warrior
  2311 | D:4      | 2311 ||| Stepping ~*~*~tactically~*~*~ (retreating).
  2312 | D:4      | 2312 ||| Stepping ~*~*~tactically~*~*~ (retreating).
  2315 | D:4      | Killed an orc warrior
  2321 | D:4      | Reached skill level 7 in Ranged Weapons
  2325 | D:4      | Noticed a yak
  2328 | D:4      | Reached XP level 7. HP: 27/44 MP: 7/7
  2328 | D:4      | Noticed a yak
  2331 | D:4      | Noticed a yak
  2331 | D:4      | Noticed a yak
  2332 | D:4      | HP: 6/44 [yak (6)]
  2336 | D:4      | Slain by a yak

Levels and vault maps discovered:
D:1:      dpeg_arrival_morbid_curiosity, layout_basic
D:2:      layout_basic, chequers_ecumenical_altar_simple_redux,
          minmay_pentomino_pile
D:3:      layout_loops_ring, dk_noncrumbling_3
D:4:      layout_basic, minmay_temple_entry_drinking_statues

Skill      XL: |  1  2  3  4  5  6 |
---------------+-------------------+-----
Ranged Weapons | 5 6 7 |  7.2
Armour         | 1 |  1.0
Fighting       | 3 4 |  4.3
Dodging        | |  1.5
Stealth        | |  1.1

Action                     |  1- 3 |  4- 6 |  7- 9 || total
---------------------------+-------+-------+-------++-------
   Fire: Shortbow          |    87 |   126 |     9 ||   222
    Use: Scroll            |     2 |     2 |       ||     4
         Potion            |       |     3 |       ||     3
 Armour: Leather armour    |    16 |       |       ||    16
         Ring mail         |     8 |    46 |     6 ||    60
  Dodge: Dodged            |    30 |    37 |     3 ||    70

Table legend:
 A = Non-vault XP
 B = Vault XP
 C = Vault XP percentage of total XP
 D = Non-vault monster count
 E = Vault monster count
 F = Vault count percentage of total count
                 A         B        C        D         E       F
            +---------+---------+-------+---------+---------+-------
      Total |     614 |      33 |   5.1 |      68 |      10 |  12.8
            +---------+---------+-------+---------+---------+-------
        D:1 |      32 |      10 |  23.8 |      20 |       5 |  20.0
        D:2 |     105 |      23 |  18.0 |      21 |       5 |  19.2
        D:3 |      28 |       0 |   0.0 |       8 |       0 |   0.0
        D:4 |     449 |       0 |   0.0 |      19 |       0 |   0.0
            +---------+---------+-------+---------+---------+-------
